 Dungeon Crawl Stone Soup version 0.15-b1-128-gb969795 (console) character file.

75929 5ubbak the Jinx (level 15, -4/83 HPs)
             Began as an Octopode Enchanter on Aug 27, 2014.
             Was an Elder of Sif Muna.
             Slain by a spiny frog (21 damage)
             ... on Level 8 of the Lair of Beasts.
             The game lasted 03:30:44 (32163 turns).

5ubbak the Jinx (Octopode Enchanter)               Turns: 32163, Time: 03:30:45

HP  -4/83        AC  7     Str 12      XL: 15   Next: 51%
MP  30/40        EV 13     Int 24      God: Sif Muna [****..]
Gold 1634        SH 12     Dex 12      Spells:  9 memorised,  3 levels left

rFire  x . .     SeeInvis .     a - +4 dagger (chaos)
rCold  + + .     Clarity  +     h - +1 shield
rNeg   + . .     rCorr    .     E - +2 hat
rPois  .         rRot     .     N - amulet of clarity
rElec  .         Spirit   .     j - +4 ring of protection
SustAb .         Warding  .     T - ring of flight
rMut   .         Stasis   .     x - ring of magical power
Gourm  .                        r - cursed ring of protection from cold
MR     +....                    u - ring of ice
                                L - +2 ring of strength
                                K - +2 ring of strength
                                P - ring of positive energy

@: lethally poisoned, somewhat resistant to hostile enchantments, very stealthy
A: almost no armour, amphibious, 8 rings, constrict 8, camouflage 1, gelatinous
body 1
a: Channel Energy, Forget Spell, Renounce Religion, Evoke Flight


You were on level 8 of the Lair of Beasts.
You worshipped Sif Muna.
Sif Muna was greatly pleased with you.
You were not hungry.

You visited 4 branches of the dungeon, and saw 27 of its levels.
You also visited: Labyrinth and Volcano.

You collected 2082 gold pieces.
You spent 448 gold pieces at shops.

Inventory:

Hand weapons
 a - a +4 dagger of chaos (weapon)
 b - a +2 short sword of electrocution
Armour
 h - a +1 shield (worn)
 E - a +2 hat (worn)
Magical devices
 g - a wand of slowing (9)
 l - a wand of disintegration (0)
 q - a wand of teleportation (9)
 A - a wand of fireball (2)
 G - a wand of draining (3)
 Q - a wand of cold (2)
 V - a wand of disintegration (12)
 Y - a wand of slowing (7)
Comestibles
 d - 10 bread rations
 p - 4 rotting chunks of sheep flesh
 z - 3 rotting chunks of sheep flesh
 H - a chunk of crocodile flesh
Scrolls
 i - 8 scrolls of teleportation
 n - a scroll of holy word
 o - a scroll of brand weapon {unknown}
 s - 3 scrolls of magic mapping
 w - 12 scrolls of remove curse
 D - a scroll of summoning
 I - a scroll of fog
 O - 3 scrolls of vulnerability
Jewellery
 j - a +4 ring of protection (left tentacle)
 r - a cursed ring of protection from cold (on tentacle)
 u - a ring of ice (on tentacle)
 x - a ring of magical power (on tentacle)
 y - an uncursed ring of teleport control
 K - a +2 ring of strength (on tentacle)
 L - a +2 ring of strength (on tentacle)
 M - an uncursed amulet of stasis
 N - an amulet of clarity (around mantle)
 P - a ring of positive energy (on tentacle)
 T - a ring of flight (right tentacle)
Potions
 e - 4 potions of brilliance
 f - a potion of heal wounds
 k - 2 potions of resistance
 m - 5 potions of curing
 t - 4 potions of haste
 v - 2 potions of might
 X - a potion of cancellation
Books
 C - a book of Ice

   Spells                             Type                      Level
   Metabolic Englaciation             Hexes/Ice                    5
   Ozocubu's Refrigeration            Ice                          6
   Bolt of Cold                       Conjuration/Ice              6
   Freezing Cloud                     Conjuration/Ice/Air          6
   Simulacrum                         Ice/Necromancy               6
Miscellaneous
 B - a fan of gales
 F - a legendary deck of defence {the Elixir}


   Skills:
 + Level 1.4 Fighting
 + Level 11.5 Short Blades
 + Level 5.3 Dodging
 + Level 10.0 Stealth
 * Level 10.1 Shields
 * Level 9.0 Spellcasting
 * Level 12.1 Hexes
 * Level 2.5 Charms
 + Level 6.8 Summonings
 + Level 3.6 Transmutations
 - Level 9.9 Ice Magic
 + Level 0.4 Air Magic
 - Level 5.7 Invocations
 - Level 6.5 Evocations


You had 3 spell levels left.
You knew the following spells:

 Your Spells              Type           Power        Failure   Level  Hunger
a - Corona                Hex            ######.      1%          1    None
b - Ensorcelled Hibernat  Hex/Ice        ######       1%          2    None
c - Confuse               Hex            ######..     1%          3    None
d - Enslavement           Hex            ######..     1%          4    ##.....
e - Abjuration            Summ           #####.....   1%          3    None
f - Invisibility          Hex            ######..     10%         6    ######.
g - Shadow Creatures      Summ           N/A          12%         5    ####...
h - Passwall              Trmt/Erth      ###.......   12%         3    None
i - Swiftness             Chrm/Air       ###.....     8%          2    None


Dungeon Overview and Level Annotations

Branches:
Dungeon (14/15)            Temple (1/1) D:6             Orc (4/4) D:11
   Lair (8/8) D:9           Swamp (0/5) Lair:4       Spider (0/5) Lair:4
  Slime (0/6) Lair:6       Vaults (0/5) D:14
    Elf: Orc:3-4

Altars:
Ashenzari
Cheibriados
Dithmenos
Elyvilon
Fedhas
Kikubaaqudgha
Makhleb
Nemelex Xobeh
Okawaru
Qazlal
Sif Muna
Trog
Vehumet
Xom
Yredelemnul
Zin
The Shining One
Beogh

Shops:
D:5 *(

Annotations:
D:4 Eustachio
D:13 exclusion: 3 downstairs
D:14 Donald


Innate Abilities, Weirdness & Mutations

You cannot wear most types of armour.
You are amphibious.
You can wear up to eight rings at the same time.
You can use your tentacles to constrict many enemies at once.
Your skin changes colour to match your surroundings (Stealth).
Your rubbery body absorbs attacks (AC +1).


Message History

Press: ? - help, Shift-Dir - straight line, f/p - guardian serpent
Aim: a guardian serpent (lightly wounded)
The bolt of cold hits the guardian serpent.
The guardian serpent is heavily wounded.
The bolt of cold hits the spiny frog.
The spiny frog is heavily wounded.
You feel sick.
The guardian serpent casts a spell.
The spiny frog blinks!
The spiny frog stings you!!
You are lethally poisoned!
The spiny frog poisons you!
A spiny frog comes into view.
Drink which item? (? for menu, Esc to quit)
You feel better.
The guardian serpent casts a spell at you.
The bolt of poison hits you!
You are poisoned.
* * * LOW HITPOINT WARNING * * *
The spiny frog stings you!!
You die...

.#######P%.....##..#..#..##......
###PPPP.P###..%.#..####.##.%...##
....P...## ###%...#######..%.###.
..#.....# .###).##..##.).###...
...#....# ...####....#.###....P
..P.....# $...S..P....###.......
........# ?........PP.###.......
........# $...####....#.###.....
........# ###@SF...##.).###...
........## ###.F.#..####.....###.
........P###....##.####.P#.%...##
..#.....P......##).#..#..##%.....
..#.....PP....##..##..##..##....P
.........P...##...#....#...##...P
............##...##....##...##..P
.........P###....#......#....###%
.........P##....##......##....##|


You could see a guardian serpent and 2 spiny frogs.

Vanquished Creatures
  A minotaur (Lab)
  Harold (D:10)
  6 hydras
  A centaur warrior (D:13)
  Urug (D:12)
  Erolcha (D:8)
  2 unseen horrors
  An orb spider (Lair:4)
  2 hill giants
  An orc knight (Orc:4)
  A wolf spider (Lair:8)
  2 oklob plants (Lair:2)
  2 cyclopes
  2 guardian serpents (D:11)
  3 elephants (Lair:6)
  A red wasp (Lair:8)
  An item mimic (D:10)
  Maurice (D:9)
  Joseph (D:8)
  11 black mambas
  29 spiny frogs
  Psyche (Orc:1)
  A kobold demonologist (D:11)
  6 fire drakes
  2 tengu conjurers
  4 trolls
  6 komodo dragons
  5 polar bears (Lair:8)
  3 ravens (D:13)
  4 two-headed ogres
  32 blink frogs
  A slime creature (D:11)
  A wraith (D:10)
  7 basilisks
  2 trapdoor spiders (Lab)
  A shadow (Lab)
  6 fire bats (Volcano)
  2 redbacks (Lair:7)
  8 hogs (Lair:8)
  3 wyverns
  53 yaks
  The ghost of mathias the Twirler, an average HOGl of Trog (D:4)
  9 hippogriffs
  A golden eye (Lair:8)
  A hill giant zombie (D:9)
  Grum (Orc:1)
  A vampire (D:13)
  6 swamp worms (Lair:4)
  18 wolves
  5 wargs (Lair:8)
  A mottled dragon (D:11)
  Menkaure (D:7)
  A tengu skeleton (D:12)
  30 water moccasins
  5 hell hounds
  8 black bears
  19 porcupines
  3 ice beasts
  2 yellow wasps (Lair:8)
  4 spiders (Lair:8)
  A manticore zombie (D:8)
  17 orc warriors
  6 phantoms
  3 sky beasts
  5 ogres
  2 big kobolds
  4 centaurs
  Duvessa (Orc:1)
  2 brain worms
  13 crocodiles
  18 giant frogs
  Blork the orc (D:4)
  An eye of draining (D:8)
  6 scorpions
  A hippogriff zombie (D:5)
  2 troll zombies
  12 killer bees
  5 wights (D:8)
  An electric eel (Lair:4)
  Dowan (Orc:1)
  2 goliath beetles
  3 crimson imps
  5 jellies
  3 quasits
  Crazy Yiuf (D:7)
  15 orc priests
  A basilisk zombie (D:12)
  An elf zombie (D:12)
  21 hounds
  2 two-headed ogre skeletons
  2 giant frog skeletons
  20 orc wizards
  A gnoll shaman (D:10)
  33 sheep
  15 worker ants
  9 iguanas
  Ijyb (D:7)
  An ogre zombie (D:5)
  A hound zombie (D:6)
  A mottled dragon skeleton (D:8)
  25 adders
  8 gnolls
  43 green rats
  A giant mite (D:4)
  2 shadow imps
  An orc zombie (D:10)
  2 adder skeletons
  6 oozes
  87 orcs
  A ball python (D:2)
  2 bat skeletons
  2 giant cockroaches
  13 hobgoblins
  16 jackals
  27 kobolds
  12 bats
  5 giant geckos
  A giant gecko skeleton (D:4)
  3 giant newts
  A giant spore (D:11)
  19 goblins
  A jackal skeleton (D:7)
  A kobold skeleton (D:7)
  An orc skeleton (D:7)
  9 quokkas
  18 rats
  9 ballistomycetes
  2 fungi
  3 plants (Lair:8)
897 creatures vanquished.

Vanquished Creatures (collateral kills)
  A black mamba (Lair:8)
  A gargoyle (D:13)
  A wandering mushroom (Lair:5)
  A yak (D:9)
  A necrophage (D:8)
  A boring beetle (Lair:6)
  A killer bee (D:9)
  3 orc priests
  2 orc wizards
  2 sheep (Orc:4)
  A mummy (D:12)
  A gnoll (D:10)
  16 orcs
  2 giant spores
  A ballistomycete (D:11)
  A plant (Lair:2)
36 creatures vanquished.

Vanquished Creatures (others)
  A manticore (Volcano)
  A hippogriff (Lair:2)
  A wyvern (D:13)
  A water moccasin (Lair:2)
  A black bear (Lair:2)
  A spider (D:11)
  An orc warrior (Orc:4)
  A giant frog (Lair:2)
  A quasit (D:10)
  An orc priest (D:13)
  An adder (Lair:5)
  A green rat (Lair:2)
  An orc (D:13)
  A quokka (Lair:2)
  5 fungi (Lair:8)
  6 plants
25 creatures vanquished.

Grand Total: 958 creatures vanquished

Notes
Turn   | Place    | Note
--------------------------------------------------------------
     0 | D:1      | 5ubbak, the Octopode Enchanter, began the quest for the Orb.
     0 | D:1      | Reached XP level 1. HP: 11/11 MP: 3/3
   296 | D:1      | Reached XP level 2. HP: 10/17 MP: 1/4
   300 | D:1      | Learned a level 2 spell: Ensorcelled Hibernation
   956 | D:2      | Reached XP level 3. HP: 21/21 MP: 6/6
   973 | D:2      | Learned a level 3 spell: Confuse
  1678 | D:2      | Reached XP level 4. HP: 27/27 MP: 5/8
  1683 | D:2      | Reached skill level 1 in Ice Magic
  2528 | D:3      | Found a bloodstained altar of Trog.
  2532 | D:3      | Found a shimmering altar of Xom.
  2532 | D:3      | Found a blossoming altar of Fedhas.
  2794 | D:4      | Reached XP level 5. HP: 22/31 MP: 0/9
  2938 | D:4      | Noticed Blork the orc
  2973 | D:4      | Killed Blork the orc
  2973 | D:4      | Reached XP level 6. HP: 24/36 MP: 1/11
  3251 | D:4      | Reached skill level 5 in Stealth
  3756 | D:4      | Learned a level 4 spell: Enslavement
  3793 | D:4      | Reached XP level 7. HP: 41/41 MP: 14/14
  3817 | D:4      | Noticed a phantom
  3820 | D:4      | Noticed mathias' ghost (average HOGl)
  3825 | D:4      | Killed a phantom
  3838 | D:5      | Entered Level 5 of the Dungeon
  4373 | D:4      | Noticed Eustachio
  4613 | D:4      | Killed mathias' ghost
  4613 | D:4      | Reached skill level 5 in Hexes
  4852 | D:5      | Reached XP level 8. HP: 40/46 MP: 13/17
  5054 | D:5      | Found Micvuum's Assorted Antiques.
  5086 | D:5      | Found Ogikesuh's Antique Weapon Shop.
  5114 | D:5      | Bought a shiny buckler for 103 gold pieces
  5358 | D:6      | Found a staircase to the Ecumenical Temple.
  5362 | Temple   | Entered the Ecumenical Temple
  5488 | Temple   | Became a worshipper of Sif Muna the Loreminder
  5520 | D:6      | Reached skill level 6 in Stealth
  5544 | D:6      | Found a shattered altar of Ashenzari.
  5595 | D:6      | Reached skill level 5 in Short Blades
  5595 | D:6      | Reached skill level 1 in Shields
  5707 | D:6      | Found a snail-covered altar of Cheibriados.
  6335 | D:7      | Noticed Menkaure
  6692 | D:7      | Noticed Ijyb
  6931 | D:7      | Reached XP level 9. HP: 38/51 MP: 4/20
  6995 | D:7      | Noticed Crazy Yiuf
  7002 | D:7      | Killed Crazy Yiuf
  7028 | D:7      | Killed Ijyb
  7051 | D:7      | Reached skill level 5 in Ice Magic
  7108 | D:7      | Acquired Sif Muna's first power
  7294 | D:7      | Killed Menkaure
  8099 | D:7      | Found a roughly hewn altar of Beogh.
  8464 | D:8      | Reached skill level 7 in Hexes
  8651 | D:8      | Acquired Sif Muna's second power
  8651 | D:8      | Reached XP level 10. HP: 52/56 MP: 21/21
  8657 | D:8      | Learned a level 3 spell: Abjuration
  8781 | D:8      | Found a stormy altar of Qazlal.
  8782 | D:8      | Noticed Joseph
  8883 | D:8      | Killed Joseph
  8883 | D:8      | Reached skill level 5 in Spellcasting
  8883 | D:8      | Reached skill level 1 in Summonings
  9296 | D:8      | Found a basalt altar of Yredelemnul.
  9296 | D:8      | Found an iron altar of Okawaru.
  9297 | D:8      | Found a glowing golden altar of the Shining One.
  9450 | D:8      | Noticed Erolcha
  9470 | D:8      | Killed Erolcha
  9832 | D:9      | Noticed Maurice
  9847 | D:9      | Killed Maurice
 10067 | D:9      | Found a staircase to the Lair.
 10087 | D:9      | Reached skill level 1 in Evocations
 10178 | D:9      | Reached skill level 8 in Short Blades
 10198 | D:9      | Reached XP level 11. HP: 47/61 MP: 0/23
 10356 | D:9      | Reached skill level 5 in Dodging
 10632 | D:9      | Reached skill level 5 in Shields
 10643 | D:9      | Learned a level 3 spell: Dazzling Spray
 10712 | D:9      | Found a shadowy altar of Dithmenos.
 11057 | D:5      | Bought a paperback book for 345 gold pieces
 11230 | D:9      | Noticed an unseen horror
 11253 | D:9      | Killed an unseen horror
 11666 | D:9      | Found a radiant altar of Vehumet.
 11814 | Lair:1   | Entered Level 1 of the Lair of Beasts
 12137 | Lair:1   | Reached skill level 1 in Invocations
 12929 | Lair:2   | Acquired Sif Muna's third power
 12929 | Lair:2   | Reached skill level 9 in Hexes
 12933 | Lair:2   | Reached XP level 12. HP: 63/66 MP: 18/25
 14188 | Lair:3   | Noticed a four-headed hydra
 14201 | Lair:3   | Killed a four-headed hydra
 15164 | Lair:1   | Learned a level 5 spell: Shadow Creatures
 15234 | Lair:4   | Reached skill level 5 in Evocations
 15261 | Lair:4   | Reached skill level 10 in Hexes
 15526 | Lair:4   | Reached XP level 13. HP: 54/71 MP: 16/27
 15555 | Lair:4   | Found a hole to the Spider Nest.
 15661 | Lair:4   | Reached skill level 10 in Short Blades
 15721 | Lair:4   | Found a dark tunnel.
 15731 | Volcano  | Entered a volcano
 15861 | Volcano  | Received a gift from Sif Muna
 16156 | Lair:4   | Reached skill level 5 in Summonings
 16169 | Lair:4   | Found a staircase to the Swamp.
 16733 | Lair:4   | Learned a level 3 spell: Passwall
 17274 | Lair:5   | Found a labyrinth entrance.
 17309 | Lab      | Entered a labyrinth
 17448 | Lab      | Found an exit through the horrors of the Abyss.
 17824 | Lab      | Noticed a minotaur
 17832 | Lab      | Killed a minotaur
 17850 | Lab      | Got an ivory shortbow
 17856 | Lab      | Identified the +7 shortbow of Gyzureb {speed, rElec SInv} (You found it in a labyrinth)
 18098 | Lair:1   | Noticed a four-headed hydra
 18118 | Lair:1   | Killed a four-headed hydra
 18790 | Lair:5   | Reached skill level 1 in Transmutations
 19583 | Lair:6   | Reached skill level 5 in Invocations
 20074 | Lair:6   | Found a staircase to the Slime Pits.
 20868 | Lair:7   | Reached XP level 14. HP: 48/76 MP: 24/29
 21117 | Lair:7   | Reached skill level 11 in Hexes
 21753 | Lair:1   | Learned a level 6 spell: Invisibility
 21799 | D:10     | Entered Level 10 of the Dungeon
 21882 | D:10     | Noticed Harold
 21910 | D:10     | Killed Harold
 22793 | D:11     | Found a staircase to the Orcish Mines.
 23963 | D:12     | Noticed Urug
 23968 | D:12     | Killed Urug
 24134 | D:12     | Received a gift from Sif Muna
 24144 | D:12     | Identified Sif Muna's Almanac of Bewitchment and Calling (Sif Muna gifted it to you on level 12 of the Dungeon)
 25276 | Lair:1   | Learned a level 2 spell: Swiftness
 25923 | D:13     | Reached skill level 1 in Charms
 26540 | D:14     | Found a gate to the Vaults.
 26540 | D:14     | Noticed Donald
 26746 | Orc:1    | Entered Level 1 of the Orcish Mines
 26796 | Orc:1    | Noticed Grum
 26806 | Orc:1    | Found a roughly hewn altar of Beogh.
 26807 | Orc:1    | Killed Grum
 26885 | Orc:1    | Noticed Duvessa
 26885 | Orc:1    | Noticed Dowan
 26893 | Orc:1    | Killed Duvessa
 26905 | Orc:1    | Killed Dowan
 27482 | Orc:1    | Noticed Psyche
 27485 | Orc:1    | Killed Psyche
 27923 | Orc:4    | Entered Level 4 of the Orcish Mines
 29073 | Lair:8   | Entered Level 8 of the Lair of Beasts
 29177 | Lair:8   | Reached XP level 15. HP: 68/81 MP: 31/31
 29716 | Lair:8   | Reached skill level 10 in Shields
 30350 | Lair:8   | Received a gift from Sif Muna
 30382 | Lair:8   | Reached skill level 12 in Hexes
 30994 | Lair:8   | Reached skill level 10 in Stealth
 31093 | Lair:8   | Reached skill level 1 in Fighting
 32163 | Lair:8   | Slain by a spiny frog

Action                   |  1- 3 |  4- 6 |  7- 9 | 10-12 | 13-15 || total
-------------------------+-------+-------+-------+-------+-------++-------
Melee: Dagger            |    62 |    82 |   334 |   470 |  1096 ||  2044
       Short sword       |       |       |       |       |    64 ||    64
 Cast: Corona            |     2 |       |       |     3 |    12 ||    17
       Ensorcelled Hiber |     8 |    24 |    36 |   178 |   386 ||   632
       Confuse           |     3 |     8 |    39 |    45 |    77 ||   172
       Enslavement       |       |       |     7 |     6 |    14 ||    27
       Shadow Creatures  |       |       |       |       |    24 ||    24
       Passwall          |       |       |       |       |     4 ||     4
Invok: Channel Energy    |       |       |       |     1 |     3 ||     4
       Forget Spell      |       |       |       |       |     1 ||     1
Evoke: Wand              |       |     6 |       |     8 |    10 ||    24
       Sack of spiders   |       |       |       |       |     1 ||     1
  Use: Potion            |       |     1 |     1 |     2 |     4 ||     8
       Scroll            |       |       |     5 |     8 |    17 ||    30
 Stab: Sleeping          |     9 |    18 |    45 |   122 |   291 ||   485
       Confused          |     2 |     1 |    30 |    22 |    51 ||   106
       Petrifying        |       |       |       |       |     1 ||     1
       Fleeing           |       |       |       |       |     1 ||     1
       Paralysed         |       |       |       |       |     1 ||     1
  Eat: Chunk             |     3 |     7 |    16 |    20 |    53 ||    99
       Beef jerky        |       |     1 |       |     2 |     1 ||     4
       Bread ration      |       |       |     1 |       |       ||     1
       Pizza             |       |       |       |     1 |       ||     1
       Meat ration       |       |       |       |       |     1 ||     1
